PAA
SAN BERNARDINO GRASSHOPPERS @ YAKIMA HOPS
08/30/2038
 
TOP OF THE 1ST
San Bernardino Grasshoppers batting - Pitching for Yakima Hops : LHP Mark Garrett
Pitching: LHP Mark Garrett
Batting: RHB Rio Clark 0-0: Foul Ball, location: 2F
0-1: Ball
1-1: Fly out, F8 (Line Drive, 8LD, EV 85.6 MPH)
Batting: RHB Albert Seals 0-0: Foul Ball, location: 2F
0-1: Ball
1-1: Ball
2-1: Ground out U3 (Groundball, 34, EV 86.2 MPH)
Batting: LHB José Soriano 0-0: Called Strike
0-1: Ball
1-1: Ball
2-1: Fly out, F8 (Flyball, 8LS, EV 86.2 MPH)
Top of the 1st over - 0 runs, 0 hits, 0 errors, 0 left on base; San Bernardino 0 - Yakima 0
BOTTOM OF THE 1ST
Yakima Hops batting - Pitching for San Bernardino Grasshoppers : RHP David Flowers
Pitching: RHP David Flowers
Batting: RHB Tom Taylor 0-0: Called Strike
0-1: Ground out 6-3 (Groundball, 6S, EV 81.9 MPH)
Batting: RHB Tokaji Heida 0-0: Ball
1-0: Ball
2-0: SINGLE (Line Drive, 4MD, EV 96.2 MPH)
Batting: RHB Sebastian Franke 0-0: Ball
1-0: Ball
2-0: Swinging Strike
2-1: Swinging Strike
2-2: Foul Ball, location: 2F
2-2: Strikes out swinging
Batting: LHB Juan Arellano 0-0: Foul Ball, location: 2F
0-1: Ball
Tokaji Heida steals 2nd base
1-1: Swinging Strike
1-2: Ground out 1-3 (Groundball, P, EV 85.6 MPH)
Bottom of the 1st over - 0 runs, 1 hit, 0 errors, 1 left on base; San Bernardino 0 - Yakima 0
TOP OF THE 2ND
San Bernardino Grasshoppers batting - Pitching for Yakima Hops : LHP Mark Garrett
Batting: RHB Lawrence Stokes 0-0: Ball
1-0: Called Strike
1-1: SINGLE (Groundball, 56D, EV 98.1 MPH)
Batting: RHB Rod Sarkies 0-0: DOUBLE (Line Drive, 9LS, EV 100.0 MPH)
Lawrence Stokes to third
Batting: LHB Travis Towns 0-0: Ball
1-0: Ground out 6-3 (Groundball, 56, EV 88.1 MPH)
Lawrence Stokes scores
Batting: RHB Pancho Espinoza 0-0: Swinging Strike
0-1: Foul Ball, location: 2F
0-2: Foul Ball, location: 2F
0-2: Ball
1-2: Foul Ball, location: 2F
1-2: Strikes out looking
Batting: RHB Vitorio Flores 0-0: Ball
1-0: Ball
2-0: Foul Ball, location: 2F
2-1: Foul Ball, location: 2F
2-2: Foul Ball, location: 2F
2-2: Fly out, F5 (Popup, 5F, EV 62.5 MPH)
Top of the 2nd over - 1 run, 2 hits, 0 errors, 1 left on base; San Bernardino 1 - Yakima 0
BOTTOM OF THE 2ND
Yakima Hops batting - Pitching for San Bernardino Grasshoppers : RHP David Flowers
Batting: RHB Ezra Booth 0-0: Fly out, F7 (Flyball, 7, EV 89.4 MPH)
Batting: LHB Tony Rincón 0-0: Ball
1-0: Foul Ball, location: 2F
1-1: Ball
2-1: Ball
3-1: Called Strike
3-2: Foul Ball, location: 2F
3-2: SINGLE (Groundball, 4, EV 103.1 MPH) (infield hit)
Batting: LHB Doug Cole 0-0: Foul Ball, location: 2F
0-1: Ball
Tony Rincón is caught stealing 2nd base 2-6
1-1: Fly out, F9 (Flyball, 89XD, EV 94.4 MPH)
Bottom of the 2nd over - 0 runs, 1 hit, 0 errors, 0 left on base; San Bernardino 1 - Yakima 0
TOP OF THE 3RD
San Bernardino Grasshoppers batting - Pitching for Yakima Hops : LHP Mark Garrett
Batting: LHB Francisco Rojas 0-0: Ball
1-0: Ball
2-0: Ball
3-0: Called Strike
3-1: Called Strike
3-2: Foul Ball, location: 2F
3-2: Foul Ball, location: 2F
3-2: Foul Ball, location: 2F
3-2: Fly out, F7 (Line Drive, 7S, EV 111.2 MPH)
Batting: RHB Rio Clark 0-0: Called Strike
0-1: Ball
1-1: Foul Ball, location: 2F
1-2: Ball
2-2: Foul Ball, location: 2F
2-2: Ground out U3 (Groundball, 34, EV 93.8 MPH)
Batting: RHB Albert Seals 0-0: Ball
1-0: Swinging Strike
1-1: Foul Ball, location: 2F
1-2: Hit by Pitch
Batting: LHB José Soriano 0-0: Ball
Wild Pitch!
Albert Seals to second
1-0: Swinging Strike
1-1: Fly out, F9 (Line Drive, 9, EV 94.4 MPH)
Top of the 3rd over - 0 runs, 0 hits, 0 errors, 1 left on base; San Bernardino 1 - Yakima 0
BOTTOM OF THE 3RD
Yakima Hops batting - Pitching for San Bernardino Grasshoppers : RHP David Flowers
Batting: RHB Stock Tonports 0-0: Called Strike
0-1: Ball
1-1: Ball
2-1: Foul Ball, location: 2F
2-2: Ball
3-2: Fly out, F8 (Flyball, 8RM, EV 91.9 MPH)
Batting: RHB Denis Taylor 0-0: Ball
1-0: Foul Ball, location: 2F
1-1: Foul Ball, location: 2F
1-2: Ball
2-2: Foul Ball, location: 2F
2-2: Ball
3-2: Fly out, F2 (Popup, 2RF, EV 90.6 MPH)
Batting: RHB Tom Taylor 0-0: Ball
1-0: Foul Ball, location: 2F
1-1: Foul Ball, location: 2F
1-2: Strikes out looking
Bottom of the 3rd over - 0 runs, 0 hits, 0 errors, 0 left on base; San Bernardino 1 - Yakima 0
TOP OF THE 4TH
San Bernardino Grasshoppers batting - Pitching for Yakima Hops : LHP Mark Garrett
Batting: RHB Lawrence Stokes 0-0: Ball
1-0: Called Strike
1-1: Ball
2-1: Foul Ball, location: 2F
2-2: Foul Ball, location: 2F
2-2: SINGLE (Groundball, 6MD, EV 97.5 MPH)
Batting: RHB Rod Sarkies 0-0: Ball
1-0: Foul Ball, location: 2F
1-1: Ball
2-1: Fly out, F7 (Flyball, 78D, EV 97.5 MPH)
Batting: LHB Travis Towns 0-0: Called Strike
0-1: Foul Ball, location: 2F
0-2: Ball
1-2: Strikes out looking
Batting: RHB Pancho Espinoza 0-0: SINGLE (Groundball, 34D, EV 106.9 MPH)
Lawrence Stokes to second
Runner from 2nd tries for 3rd, SAFE, no throw by RF
Batting: RHB Vitorio Flores 0-0: Called Strike
0-1: Foul Ball, location: 2F
0-2: Ball
1-2: Ball
2-2: Foul Ball, location: 2F
2-2: Foul Ball, location: 2F
2-2: DOUBLE (Line Drive, 7LM, EV 103.1 MPH)
Lawrence Stokes scores
Pancho Espinoza to third
Batting: LHB Francisco Rojas 0-0: Fly out, F6 (Line Drive, 6, EV 76.2 MPH)
Top of the 4th over - 1 run, 3 hits, 0 errors, 2 left on base; San Bernardino 2 - Yakima 0
BOTTOM OF THE 4TH
Yakima Hops batting - Pitching for San Bernardino Grasshoppers : RHP David Flowers
Batting: RHB Tokaji Heida 0-0: Ball
1-0: Ball
2-0: Ball
3-0: Called Strike
3-1: Base on Balls
Batting: RHB Sebastian Franke 0-0: Swinging Strike
0-1: Swinging Strike
0-2: Ball
1-2: Ball
2-2: Fly out, F8 (Flyball, 8RD, EV 95.0 MPH)
Batting: LHB Juan Arellano 0-0: Ball
1-0: Called Strike
1-1: Fly out, F5 (Popup, 56, EV 77.5 MPH)
Batting: RHB Ezra Booth 0-0: Ball
1-0: Fly out, F9 (Line Drive, 9, EV 89.4 MPH)
Bottom of the 4th over - 0 runs, 0 hits, 0 errors, 1 left on base; San Bernardino 2 - Yakima 0
TOP OF THE 5TH
San Bernardino Grasshoppers batting - Pitching for Yakima Hops : LHP Mark Garrett
Batting: RHB Rio Clark 0-0: Ball
1-0: DOUBLE (Line Drive, 7LS, EV 109.4 MPH)
Batting: RHB Albert Seals 0-0: Called Strike
0-1: Ball
1-1: Ball
2-1: Ground out 5-3 (Groundball, 56S, EV 85.0 MPH)
Batting: LHB José Soriano 0-0: Called Strike
Rio Clark is caught stealing 3rd base 2-5
0-1: Swinging Strike
0-2: Foul Ball, location: 2F
0-2: Fly out, F7 (Flyball, 78M, EV 85.0 MPH)
Top of the 5th over - 0 runs, 1 hit, 0 errors, 0 left on base; San Bernardino 2 - Yakima 0
BOTTOM OF THE 5TH
Yakima Hops batting - Pitching for San Bernardino Grasshoppers : RHP David Flowers
Batting: LHB Tony Rincón 0-0: Foul Ball, location: 2F
0-1: SINGLE (Line Drive, 8LS, EV 88.1 MPH)
Batting: LHB Doug Cole 0-0: Sac Bunt to P - play at first, batter OUT! 1-3
Tony Rincón to second
Batting: RHB Stock Tonports 0-0: Called Strike
0-1: SINGLE (Groundball, 34D, EV 95.0 MPH)
Tony Rincón to third
Runner from 3rd tries for Home, SAFE, no throw by RF
Batting: RHB Denis Taylor 0-0: Called Strike
0-1: Foul Ball, location: 2F
0-2: Ball
1-2: Foul Ball, location: 2F
1-2: SINGLE (Groundball, 4MD, EV 102.5 MPH)
Stock Tonports to second
Batting: RHB Tom Taylor 0-0: Ball
1-0: Ball
2-0: Ball
3-0: Called Strike
3-1: Fly out, F9 (Flyball, 9D, EV 103.8 MPH)
Runner from 2nd tags up, SAFE at 3rd, no throw by RF
Batting: RHB Tokaji Heida 0-0: Called Strike
0-1: Ball
1-1: Ball
2-1: Foul Ball, location: 2F
2-2: Fly out, F8 (Line Drive, 8RD, EV 88.8 MPH)
Bottom of the 5th over - 1 run, 3 hits, 0 errors, 2 left on base; San Bernardino 2 - Yakima 1
TOP OF THE 6TH
San Bernardino Grasshoppers batting - Pitching for Yakima Hops : LHP Mark Garrett
Batting: RHB Lawrence Stokes 0-0: Called Strike
0-1: Ball
1-1: Called Strike
1-2: Ball
2-2: SINGLE (Groundball, 56D, EV 104.4 MPH)
Batting: RHB Rod Sarkies 0-0: Ball
1-0: Foul Ball, location: 2F
1-1: Called Strike
1-2: Ball
2-2: Foul Ball, location: 2F
2-2: Ball
3-2: Grounds into double play, 1-6-3 (Groundball, 34S, EV 88.8 MPH)
Batting: LHB Travis Towns 0-0: Called Strike
0-1: Ball
1-1: Ball
2-1: SINGLE (Groundball, 34D, EV 95.0 MPH)
Pitching: RHP António León
Batting: RHB Pancho Espinoza 0-0: Ball
Travis Towns is caught stealing 2nd base 2-4
Top of the 6th over - 0 runs, 2 hits, 0 errors, 0 left on base; San Bernardino 2 - Yakima 1
BOTTOM OF THE 6TH
Yakima Hops batting - Pitching for San Bernardino Grasshoppers : RHP David Flowers
Batting: RHB Sebastian Franke 0-0: Ball
1-0: Ball
2-0: Called Strike
2-1: Ball
3-1: Swinging Strike
3-2: Base on Balls
Batting: LHB Juan Arellano 0-0: Foul Ball, location: 2F
0-1: Ball
1-1: Ball
2-1: Foul Ball, location: 2F
2-2: Ball
3-2: Fly out, F7 (Flyball, 78S, EV 93.1 MPH)
Batting: RHB Ezra Booth 0-0: Ball
1-0: Ball
2-0: Foul Ball, location: 2F
2-1: Ball
Wild Pitch!
Sebastian Franke to second
3-1: Base on Balls
Pitching: RHP Marcus Morgan
Batting: LHB Tony Rincón 0-0: Ball
1-0: Ball
2-0: Foul Ball, location: 2F
2-1: Ball
3-1: Fly out, F9 (Flyball, 9S, EV 96.2 MPH)
Batting: LHB Doug Cole 0-0: Ground out 4-3 (Groundball, 4, EV 81.9 MPH)
Bottom of the 6th over - 0 runs, 0 hits, 0 errors, 2 left on base; San Bernardino 2 - Yakima 1
TOP OF THE 7TH
San Bernardino Grasshoppers batting - Pitching for Yakima Hops : RHP António León
Batting: RHB Pancho Espinoza 0-0: Ball
1-0: Ball
2-0: Called Strike
2-1: Called Strike
2-2: Foul Ball, location: 2F
2-2: Strikes out swinging
Batting: RHB Vitorio Flores 0-0: Foul Ball, location: 2F
0-1: Foul Ball, location: 2F
0-2: Strikes out swinging
Batting: LHB Francisco Rojas 0-0: Called Strike
0-1: SINGLE (Line Drive, 5L, EV 95.0 MPH)
Batting: RHB Rio Clark 0-0: Called Strike
0-1: Ball
1-1: Ball
2-1: Swinging Strike
2-2: Foul Ball, location: 2F
2-2: Ball
3-2: SINGLE (Groundball, 5L, EV 98.1 MPH)
Francisco Rojas to second
Francisco Rojas to third
Batting: RHB Albert Seals 0-0: Ball
1-0: Ball
2-0: Foul Ball, location: 2F
2-1: Fly out, F8 (Flyball, 8LD, EV 109.4 MPH)
Top of the 7th over - 0 runs, 2 hits, 0 errors, 2 left on base; San Bernardino 2 - Yakima 1
BOTTOM OF THE 7TH
Yakima Hops batting - Pitching for San Bernardino Grasshoppers : RHP Marcus Morgan
Batting: RHB Stock Tonports 0-0: Ball
1-0: Called Strike
1-1: Foul Ball, location: 2F
1-2: Foul Ball, location: 2F
1-2: Strikes out swinging
Batting: RHB Denis Taylor 0-0: Ball
1-0: SINGLE (Groundball, 56D, EV 104.4 MPH)
Batting: RHB Tom Taylor 0-0: Hit by Pitch
Denis Taylor to second
Batting: RHB Tokaji Heida 0-0: Ball
1-0: Foul Ball, location: 2F
1-1: Foul Ball, location: 2F
1-2: Ball
2-2: Strikes out swinging
Batting: RHB Sebastian Franke 0-0: Ball
1-0: Called Strike
1-1: Ball
2-1: Foul Ball, location: 2F
2-2: Strikes out swinging
Bottom of the 7th over - 0 runs, 1 hit, 0 errors, 2 left on base; San Bernardino 2 - Yakima 1
TOP OF THE 8TH
San Bernardino Grasshoppers batting - Pitching for Yakima Hops : RHP António León
Batting: LHB José Soriano 0-0: Ball
1-0: Ball
2-0: Ball
3-0: Base on Balls
Batting: RHB Lawrence Stokes 0-0: Called Strike
José Soriano is caught stealing 2nd base 2-4
0-1: Called Strike
0-2: Foul Ball, location: 2F
0-2: Ball
1-2: Strikes out swinging
Batting: RHB Rod Sarkies 0-0: Ball
1-0: Called Strike
1-1: Foul Ball, location: 2F
1-2: Strikes out swinging
Top of the 8th over - 0 runs, 0 hits, 0 errors, 0 left on base; San Bernardino 2 - Yakima 1
BOTTOM OF THE 8TH
Yakima Hops batting - Pitching for San Bernardino Grasshoppers : RHP Marcus Morgan
Now at 2B: Eric Thomas
Batting: LHB Juan Arellano 0-0: Foul Ball, location: 2F
0-1: Ball
1-1: Foul Ball, location: 2F
1-2: Ball
2-2: Ball
3-2: Fly out, F7 (Flyball, 7LDF, EV 90.0 MPH)
Batting: RHB Ezra Booth 0-0: Fly out, F4 (Flyball, 34D, EV 86.2 MPH)
Batting: LHB Tony Rincón 0-0: Fly out, F8 (Flyball, 8LS, EV 85.0 MPH)
Bottom of the 8th over - 0 runs, 0 hits, 0 errors, 0 left on base; San Bernardino 2 - Yakima 1
TOP OF THE 9TH
San Bernardino Grasshoppers batting - Pitching for Yakima Hops : RHP António León
Batting: LHB Travis Towns 0-0: Called Strike
0-1: Swinging Strike
0-2: Fly out, F8 (Line Drive, 8RD, EV 95.6 MPH)
Batting: RHB Pancho Espinoza 0-0: Swinging Strike
0-1: Ground out 6-3 (Groundball, 6, EV 81.2 MPH)
Batting: RHB Vitorio Flores 0-0: Called Strike
0-1: Ball
1-1: Foul Ball, location: 2F
1-2: Fly out, F8 (Flyball, 8RD, EV 76.9 MPH)
Top of the 9th over - 0 runs, 0 hits, 0 errors, 0 left on base; San Bernardino 2 - Yakima 1
BOTTOM OF THE 9TH
Yakima Hops batting - Pitching for San Bernardino Grasshoppers : RHP Marcus Morgan
Pitching: RHP Juichi Kanno
Batting: LHB Doug Cole 0-0: Ball
1-0: Foul Ball, location: 2F
1-1: Called Strike
1-2: Strikes out swinging
Pinch Hitting: LHB Flint Myers 0-0: Ball
1-0: Called Strike
1-1: Swinging Strike
1-2: Strikes out looking
Batting: RHB Denis Taylor 0-0: Ball
1-0: Fly out, F4 (Popup, 4, EV 66.9 MPH)
Bottom of the 9th over - 0 runs, 0 hits, 0 errors, 0 left on base; San Bernardino 2 - Yakima 1
Friday, April 17th, 2020 - OOTP Baseball 20.8 Build 74